 Dungeon Crawl Stone Soup version 0.16-a0-119-gc74d62a (webtiles) character file.

189 AvylaarBelgium the Magician (level 5, -4/28 HPs)
             Began as a Deep Elf Fire Elementalist on Aug 12, 2014.
             Slain by Grinder (9 damage)
             ... while paralysed by Grinder
             ... on Level 4 of the Dungeon.
             The game lasted 00:08:23 (2089 turns).

AvylaarBelgium the Magician (DEFE)                  Turns: 2089, Time: 00:08:24

HP  -4/28        AC  2     Str  5      XL: 5   Next: 40%
MP  12/18        EV  2     Int 21      God:
Gold 128         SH  0     Dex 15      Spells:  3 memorised,  5 levels left

rFire  . . .     SeeInvis .     A - +0 short sword (drain)
rCold  . . .     Clarity  .     a - +0 robe
rNeg   + . .     rCorr    .     u - +0 buckler
rPois  .         rRot     .     (no helmet)
rElec  .         Spirit   .     (no cloak)
SustAb .         Warding  .     (no gloves)
rMut   .         Stasis   .     (no boots)
Gourm  .                        (no amulet)
MR     .....                    (no ring)
                                v - ring of positive energy

@: paralysed, not resistant to hostile enchantments, unstealthy
A: no striking features
a: no special abilities


You were on level 4 of the Dungeon.
You were hungry.

You visited 1 branch of the dungeon, and saw 4 of its levels.

You collected 128 gold pieces.

Inventory:

Hand weapons
 t - a +0 blowgun
 A - a +0 short sword of draining (weapon)
Missiles
 j - 5 poisoned arrows
 l - 6 steel tomahawks (quivered)
 p - 23 poisoned needles
 w - 13 bolts
Armour
 a - a +0 robe (worn)
 u - a +0 buckler (worn)
Magical devices
 r - a wand of polymorph (11)
 x - a wand of enslavement (14)
 z - a wand of confusion (9) {unknown}
Comestibles
 c - 2 bread rations
Scrolls
 d - 2 scrolls of enchant weapon {unknown}
 f - a scroll of remove curse {unknown}
 g - 3 scrolls of amnesia {unknown}
 i - a scroll of recharging {unknown}
 o - a scroll of fog {unknown}
 q - 3 scrolls of identify {unknown}
 s - a scroll of random uselessness {unknown}
 y - a scroll of enchant armour {unknown}
Jewellery
 v - a ring of positive energy (left hand)
Potions
 e - 2 potions of heal wounds
 h - a potion of agility {unknown}
 k - a potion of haste {unknown}
 m - 2 potions of curing {unknown}
 n - a potion of mutation {unknown}
 B - a potion of confusion {unknown}
Books
 b - a book of Flames

   Spells                             Type                      Level
   *Flame Tongue                      Conjuration/Fire             1
   *Throw Flame                       Conjuration/Fire             2
   Conjure Flame                      Conjuration/Fire             3
   Inner Flame                        Hexes/Fire                   3
   *Sticky Flame                      Conjuration/Fire             4
   Fireball                           Conjuration/Fire             5


   Skills:
 - Level 2.4 Dodging
 - Level 2.4 Stealth
 + Level 0.4 Shields
 + Level 4.4 Spellcasting
 * Level 4.1 Conjurations
 + Level 4.3 Fire Magic


You had 5 spell levels left.
You knew the following spells:

 Your Spells              Type           Power        Failure   Level  Hunger
a - Flame Tongue          Conj/Fire      ###..        2%          1    None
b - Throw Flame           Conj/Fire      ###...       4%          2    #......
c - Sticky Flame          Conj/Fire      ###.....     24%         4    ####...


Dungeon Overview and Level Annotations

Branches:
Dungeon (4/15)
 Temple: D:4-7

Altars:
Fedhas
The Shining One

Annotations:
D:4 Grinder


Message History

Grinder is covered in liquid flames!
Grinder burns!
Grinder gestures at you.
You shrug off the repeated paralysis!
Drink which item? (? for menu, Esc to quit)
You feel much better.
Grinder burns!
Grinder hits you!
Casting: Sticky Flame
Confirm with . or Enter, or press ? or * to list all spells.
Aiming: Flame Tongue
Press: ? - help, Shift-Dir - straight line, f/p - Grinder
Aim: Grinder (moderately wounded, covered in liquid flames)
The flame tongue hits Grinder.
Grinder is heavily wounded.
Grinder burns!
Grinder gestures at you.
You suddenly lose the ability to move!
Grinder burns!
Grinder hits you.
Grinder burns!
Grinder hits you!
* * * LOW HITPOINT WARNING * * *
Grinder burns!
Grinder hits you!
You die...

###........#
#..........#
#..........#
#....).....#
#......)...#
#........###
#####....#
#<...# #...@#
#..).5......♣
#...........
.............
#..............
.............
####+####.. #


You could see Grinder (burning).

Vanquished Creatures
  An eye of draining (D:3)
  A worker ant (D:3)
  Jessica (D:3)
  Terence (D:3)
  2 adders (D:2)
  3 worms
  A giant gecko (D:3)
  An ooze (D:3)
  A ball python (D:2)
  4 giant cockroaches
  A hobgoblin (D:1)
  4 jackals
  5 bats
  3 giant newts
  7 goblins
  14 kobolds
  9 rats
59 creatures vanquished.

Notes
Turn   | Place    | Note
--------------------------------------------------------------
     0 | D:1      | AvylaarBelgium, the Deep Elf Fire Elementalist, began the quest for the Orb.
     0 | D:1      | Reached XP level 1. HP: 10/10 MP: 5/5
   340 | D:1      | Reached XP level 2. HP: 15/15 MP: 4/8
   752 | D:2      | Reached XP level 3. HP: 15/19 MP: 0/11
   807 | D:2      | Found a blossoming altar of Fedhas.
  1083 | D:2      | Reached skill level 4 in Fire Magic
  1513 | D:2      | Reached XP level 4. HP: 24/24 MP: 12/14
  1541 | D:3      | Noticed Terence
  1560 | D:3      | Learned a level 2 spell: Throw Flame
  1565 | D:3      | Learned a level 4 spell: Sticky Flame
  1588 | D:3      | Killed Terence
  1707 | D:3      | Found a glowing golden altar of the Shining One.
  1804 | D:3      | Noticed Jessica
  1809 | D:3      | Killed Jessica
  1959 | D:3      | Reached XP level 5. HP: 28/28 MP: 12/18
  2077 | D:4      | Noticed Grinder
  2078 | D:4      | Paralysed by Grinder for 6 turns
  2086 | D:4      | Paralysed by Grinder for 5 turns
  2089 | D:4      | Slain by Grinder

Action                   |  1- 3 |  4- 6 || total
-------------------------+-------+-------++-------
Melee: Whip              |    28 |       ||    28
       Unarmed           |     2 |       ||     2
       Short sword       |       |    11 ||    11
 Fire: Blowgun           |       |     8 ||     8
Throw: Tomahawk          |     5 |     8 ||    13
 Cast: Flame Tongue      |    58 |    32 ||    90
       Throw Flame       |       |     8 ||     8
       Sticky Flame      |       |     1 ||     1
Evoke: Wand              |     1 |     1 ||     2
  Use: Potion            |       |     2 ||     2
 Stab: Sleeping          |       |     1 ||     1
  Eat: Chunk             |     2 |     1 ||     3
